 Dungeon Crawl Stone Soup version 0.31-a0-925-g0a390f2509 (webtiles) character file.

Game seed: 6681963256130489339

17 Error4North the Changeling (level 2, -4/23 HPs)
             Began as a Draconian Shapeshifter on Oct 19, 2023.
             Slain by a gnoll
             ... wielding a +0 flail
              (7 damage)
             ... on level 2 of the Dungeon.
             The game lasted 00:02:12 (541 turns).

Error4North the Changeling (Draconian Shapeshifter)  Turns: 541, Time: 00:02:12

Health: -4/23      AC:  4    Str: 16    XL:     2   Next: 44%
Magic:  2/2        EV: 12    Int: 10    God:
Gold:   76         SH:  5    Dex: 10    Spells: 1/1 levels left

rFire   . .          .
                       - Unarmed
rCold   . . .        (no shield)
rNeg    . . .        (body armour unavailable)
rPois   .            (helmet currently unavailable)
rElec   .            (cloak currently unavailable)
rCorr   .            (gloves currently unavailable)
SInv    .            (boots currently unavailable)
Will    .....        d - amulet of reflection
Stlth   +            (no ring)
HPRegen 0.23/turn    (no ring)
MPRegen 0.08/turn

%: reflection
@: brilliant, beast-form
A: beast (slay +1), AC +4, unfitting armour, cold-blooded
a: Begin Untransformation


You were on level 2 of the Dungeon.
You were a hulking beast.
You visited 1 branch of the dungeon, and saw 2 of its levels.

You collected 76 gold pieces.

Inventory:

Missiles
 f - 3 javelins
Jewellery
 d - an amulet of reflection (around neck)
Talismans
 b - a beast talisman (active)
 c - a flux talisman
Scrolls
 g - 2 scrolls of enchant weapon {unknown}
 h - a scroll of summoning {unknown}
 j - a scroll of amnesia {unknown}
 k - a scroll of vulnerability {unknown}
 l - 2 scrolls of identify {unknown}
Potions
 a - a potion of lignification
 e - a potion of curing
 i - a potion of brilliance


   Skills:
 * Level 1.3 Fighting
 * Level 2.1 Dodging
 + Level 3.2 Unarmed Combat
 * Level 3.3 Shapeshifting


You had one spell level left.
You didn't know any spells.
Your spell library contained the following spells:

 Spells                   Type           Power      Damage    Failure   Level
 Magic Dart               Conj           0%         1d3       36%         1
 Call Imp                 Summ           0%         N/A       50%         2
 Mephitic Cloud           Conj/Pois/Air  0%         N/A       75%         3


Dungeon Overview and Level Annotations

Branches:
Dungeon (2/15)

Altars:


Innate Abilities, Weirdness & Mutations

You are a hulking beast.
Your limbs bulge with bestial killing power. (Slay +1)
Your plain brown scales are hard. (AC +4)
You cannot fit into any form of body armour.
You are cold-blooded and may be slowed by cold attacks.


Message History

Found a stone staircase leading down.
The endoplasm barely misses you.
You punch the endoplasm!
You kill the endoplasm!
Found 3 stones.
You now have 76 gold pieces (gained 5).
A kobold comes into view. It is wielding a +0 dagger.
A kobold is nearby!
The kobold shouts!
You hear an angry hiss.
Found an escape hatch in the ceiling.
You hit the kobold.
You kill the kobold!
A ball python comes into view.
Things that are here:
a +0 dagger; a kobold corpse You hit the ball python.
You kill the ball python!
There is an escape hatch in the ceiling here.
Found a stone staircase leading down.
A quokka comes into view.
You block the quokka's attack.
You hit the quokka but do no damage. Your punch misses the quokka.
The quokka completely misses you.
You barely miss the quokka. You tail-slap the quokka.
You kill the quokka!
A gnoll comes into view. It is wielding a +0 flail.
The gnoll shouts!
You hear a shout!
A gnoll is nearby!
A gnoll comes into view. It is wielding a +0 club.
The gnoll shouts!
You hear a shout!
A gnoll comes into view. It is wielding a +0 spear.
You barely miss the gnoll. The gnoll hits you with a +0 flail!
You completely miss the gnoll. The gnoll hits you with a +0 flail!
* * * LOW HITPOINT WARNING * * *
It was a potion of curing.
You feel better. The gnoll hits you with a +0 flail!
* * * LOW HITPOINT WARNING * * *
It was a potion of brilliance.
You feel clever all of a sudden. The gnoll hits you with a +0 flail!
You die...

######.# #>.....# #
#......#######
#......#.....#
#......#.#....
#.####.#.#.... #.#
#.#.#....
###########.####...#....
#......hg.......<..#....
###.#######g........)..#
#..........###
........g..........
.#####.......######
##g.....# #......#
#......# #......#


You could see 2 gnolls.

Vanquished Creatures
  3 ball pythons
  2 endoplasms
  A giant cockroach (D:1)
  A goblin (D:1)
  A hobgoblin (D:1)
  2 quokkas
  A bat (D:1)
  A frilled lizard (D:1)
  3 kobolds
  A rat (D:1)
16 creatures vanquished.

Notes
Turn   | Place    | Note
-------+----------+-------------------------------------------
     0 | D:1      | Error4North the Draconian Shapeshifter began the quest for
                  | the Orb.
     0 | D:1      | Reached XP level 1. HP: 16/16 MP: 1/1
   258 | D:1      | Reached XP level 2. HP: 23/23 MP: 2/2
   541 | D:2      | Slain by a gnoll

Illustrated notes

Levels and vault maps discovered:
D:1:      giann_forest_graveyard, layout_basic, ebering_dispersal_statue_hall
D:2:      layout_basic

Skill      XL: |  1  2 |
---------------+-------+-----
Dodging        | 2 |  2.1
Fighting       | |  1.3
Unarmed Combat | |  3.2
Shapeshifting  | |  3.3

Action                     || total
---------------------------++-------
  Melee: Unarmed           ||    29
         Tailslap          ||     5
    Use: Potion            ||     2
 Armour: Skin              ||    11
  Dodge: Dodged            ||     9
  Block: Other             ||     6
         Reflection        ||     1

Table legend: (Time is in decaauts)
 A = Elapsed time spent in this place.
 B = Non-inter-level travel time spent in this place.
 C = Inter-level travel time spent in this place.
 D = Time resting spent in this place.
 E = Time spent auto-exploring this place.
 F = Levels seen in this place.
 G = Mean time per level.
                   A        B        C        D        E       F      G
               +--------+--------+--------+--------+--------+-----+--------+
         Total |    539 |    526 |     13 |      0 |    373 |   2 |  269.5 |
       Dungeon |    539 |    526 |     13 |      0 |    373 |   2 |  269.5 |
               +--------+--------+--------+--------+--------+-----+--------+

Top non-repeatable levels by time:
     D:1: 450 daAuts
     D:2: 89 daAuts
